 Seeded DCSS version 0.30-a0-937-ga0a21ad780 (webtiles) character file.

Game seed: 169287705808878618 (custom seed)

56 bmack86 the Shield-Bearer (level 3, 0/33 HPs)
             Began as a Minotaur Fighter on Mar 24, 2023.
             Slain by Sigmund
             ... wielding a +0 scythe
              (2 damage)
             ... on level 2 of the Dungeon.
             The game lasted 00:02:48 (1154 turns).

bmack86 the Shield-Bearer (Minotaur Fighter)        Turns: 1154, Time: 00:02:48

Health: 0/33       AC:  8    Str: 26    XL:     3   Next: 71%
Magic:  2/2        EV: 14    Int:  2    God:
Gold:   83         SH:  4    Dex:  9    Spells: 2/2 levels left

rFire   . . .      SeeInvis .    a - +0 war axe
rCold   . . .      Faith    .    c - +0 buckler
rNeg    + . .      Spirit   .    b - +0 scale mail
rPois   .          Reflect  .    (helmet restricted)
rElec   .          Rampage  .    (no cloak)
rCorr   .                        (no gloves)
Will    +....                    k - +0 pair of boots Stlth
                                 n - amulet of the acrobat
HPRegen 0.25/turn                g - +5 ring of evasion
MPRegen 0.08/turn                h - ring of Nuz Cuso {rN+ Will+ Str+6 Int-5}

@: no status effects
A: horns 2, retaliatory headbutt
a: no special abilities


You were on level 2 of the Dungeon.
You visited 1 branch of the dungeon, and saw 2 of its levels.

You collected 83 gold pieces.

Inventory:

Hand Weapons
 a - a +0 war axe (weapon)
Missiles
 q - 6 boomerangs (quivered)
Armour
 b - a +0 scale mail (worn)
 c - a +0 buckler (worn)
 k - a +0 pair of boots (worn)
Jewellery
 g - a +5 ring of evasion (left hand)
 h - the ring of Nuz Cuso (right hand) {rN+ Will+ Str+6 Int-5}
   (You acquired it on level 1 of the Dungeon)

   [ring of strength]

   Str:       It affects your strength (+6).
   Int:       It affects your intelligence (-5).
   rN:        It protects you from negative energy.
   Will:      It increases your willpower.
 n - an amulet of the acrobat (around neck)
 p - a ring of wizardry
Scrolls
 e - a scroll of blinking {unknown}
 f - 2 scrolls of teleportation {unknown}
 i - 2 scrolls of fog {unknown}
 j - 2 scrolls of identify {unknown}
 o - a scroll of poison {unknown}
Potions
 d - a potion of might
 l - 2 potions of heal wounds {unknown}
 m - a potion of lignification {unknown}


   Skills:
 + Level 4.1 Fighting
 * Level 3.6 Axes
 + Level 0.4 Throwing
 + Level 4.1 Armour
 + Level 4.1 Shields


You had 2 spell levels left.
You didn't know any spells.
Your spell library contained the following spells:

 Spells                   Type           Power      Damage    Failure   Level
 Sting                    Tmut/Pois      0%         1d3       88%         1
 Poisonous Vapours        Pois/Air       0%         N/A       96%         2
 Olgreb's Toxic Radiance  Pois           0%         N/A       100%        4


Dungeon Overview and Level Annotations

Branches:
Dungeon (2/15)

Altars:

Annotations:
D:2 Sigmund


Innate Abilities, Weirdness & Mutations

You have a pair of horns on your head.
You reflexively headbutt those who attack you in melee.


Message History

Robin hits you but does no damage. You block something's attack.
Robin completely misses you.
You slash Robin!
Robin is severely wounded.
You block something's attack. Robin closely misses you.
You furiously retaliate!
You headbutt Robin!
You kill Robin!
You slash the goblin!
You kill the goblin!
Something closely misses you. The hobgoblin barely misses you.
You slash the hobgoblin!
You kill the hobgoblin!
Something barely misses you.
You barely miss the goblin. You block the goblin's attack.
Something hits you but does no damage.
You closely miss the goblin. The goblin hits you but does no damage.
Something barely misses you. The goblin misses you.
You closely miss the goblin. The goblin hits you but does no damage.
Something hits you.
You slash the goblin!
You kill the goblin!
You block something's attack.
No target in view!
Things that are here:
a +0 club; a +0 club; a goblin corpse Something completely misses you.
Something completely misses you.
There is an open door, spattered with blood here.
Items here: )))))) [[ †††††.
You miss something. Something hits you!
You miss something. Something hits you!
You barely miss something. Something barely misses you.
You closely miss something. Something hits you!
* * * LOW HITPOINT WARNING * * *
You hit something but do no damage. Something barely misses you.
You hit something but do no damage. Something hits you!
* * * LOW HITPOINT WARNING * * *
You hit something. You miss something. Something hits you.
You die...

.... ..[.+
#+##.....#
....#
.........##
....#
..........#
....#
..........#
...#
...)......#
...##
..........###..
....#
#...).......
....#
#...@{......
..).#
####)#......
###.# ##.#
..... #.......(
#.)# ....
....##### ##.##
... ####...#
####..# ..
##..##.....# #
#..#.....#
#.#.....#


There were no monsters in sight!

Vanquished Creatures
  Robin (D:2)
  An adder (D:2)
  A worm (D:2)
  16 goblins
  3 hobgoblins
  2 ball pythons
  2 frilled lizards (D:1)
  A kobold (D:1)
  4 rats (D:1)
31 creatures vanquished.

Notes
Turn   | Place    | Note
-------+----------+-------------------------------------------
     0 | D:1      | bmack86 the Minotaur Fighter began the quest for the Orb.
     0 | D:1      | Reached XP level 1. HP: 19/19 MP: 0/0
     6 | D:1      | Noticed a scorpion
     6 | D:1      | Noticed a snapping turtle
     6 | D:1      | Noticed a polar bear
     7 | D:1      | Noticed a wyvern
     7 | D:1      | Noticed a salamander
   392 | D:1      | Reached XP level 2. HP: 22/27 MP: 1/1
   869 | D:1      | Identified a scroll of acquirement
   869 | D:1      | Acquired the ring of Nuz Cuso {rN+ Will+ Str+6 Int-5}
  1088 | D:2      | Reached XP level 3. HP: 33/33 MP: 2/2
  1122 | D:2      | Noticed Robin
  1127 | D:2      | Noticed Sigmund
  1136 | D:2      | Killed Robin
  1154 | D:2      | Slain by Sigmund

Illustrated notes

Levels and vault maps discovered:
D:1:      onia_arrival_zoo_common, layout_basic, minmay_fountain_box,
          nrook_mini_vaults, hangedman_decor_peaks_small
D:2:      layout_basic, hangedman_abyss_or_decor_stabs, uniq_jessica,
          uniq_sigmund, uniq_robin

Skill      XL: |  1  2  3 |
---------------+----------+-----
Axes           | 3 |  3.6
Shields        | 4 |  4.1
Armour         | 4 |  4.1
Fighting       | 4 |  4.1
Throwing       | |  0.4

Action                     || total
---------------------------++-------
  Melee: War axe           ||    64
         Headbutt          ||     6
  Throw: Boomerang         ||     3
    Use: Scroll            ||     1
 Armour: Scale mail        ||    21
  Dodge: Dodged            ||    43
  Block: Buckler           ||    13

Table legend: (Time is in decaauts)
 A = Elapsed time spent in this place.
 B = Non-inter-level travel time spent in this place.
 C = Inter-level travel time spent in this place.
 D = Time resting spent in this place.
 E = Time spent auto-exploring this place.
 F = Levels seen in this place.
 G = Mean time per level.
                   A        B        C        D        E       F      G
               +--------+--------+--------+--------+--------+-----+--------+
         Total |   1178 |   1065 |    113 |      0 |    779 |   2 |  589.0 |
       Dungeon |   1178 |   1065 |    113 |      0 |    779 |   2 |  589.0 |
               +--------+--------+--------+--------+--------+-----+--------+

Top non-repeatable levels by time:
     D:1: 993 daAuts
     D:2: 184 daAuts
